Map: Frost LE

Players

kOala (Nina) - Winner!

  • Race: Protoss Protoss

NEET

  • Race: Zerg Zerg
  • League: Master

VOD

Have the link to the VOD?

Description

Time

  • Played on: Nov. 13, 2016, 10:26 p.m.
  • Length: 13:59
Show
View Real Time Build Order
Export as new Build Order

kOala Protoss - Winner!

Build Orders: 1 Gate Expand 

Get SALT Encoding   

  12  0:01  Probe (Chrono Boost)  
  13  0:11  Probe (Chrono Boost)  
  14  0:19  Pylon  
  14  0:24  Probe (Chrono Boost)  
  15  0:37  Probe (Chrono Boost)  
  15  0:39  Gateway  
  16  0:47  Probe (Chrono Boost)  
  16  0:48  Assimilator  
  17  0:58  Probe (Chrono Boost)  
  18  1:09  Probe (Chrono Boost)  
  19  1:19  Probe (Chrono Boost)  
  20  1:26  Nexus  
  20  1:36  Cybernetics Core  
  20  1:39  Probe (Chrono Boost)  
  21  1:46  Assimilator  
  21  1:50  Probe (Chrono Boost)  
  22  1:56  Pylon  
  22  2:01  Probe (Chrono Boost)  
  23  2:10  Adept  
  23  2:13  Warp Gate  
  26  2:15  Probe (Chrono Boost)  
  26  2:29  Mothership Core (Chrono Boost)  
  28  2:36  Sentry  
  28  2:39  Probe (Chrono Boost)  
  31  2:49  Probe x2 (Chrono Boost)  
  33  2:59  Sentry  
  33  3:00  Probe (Chrono Boost)  
  33  3:01  Probe (Chrono Boost)  
  33  3:04  Nexus  
  37  3:10  Probe (Chrono Boost)  
  39  3:13  Probe (Chrono Boost)  
  39  3:16  Pylon  
  39  3:21  Probe (Chrono Boost)  
  39  3:25  Probe (Chrono Boost), Sentry  
  41  3:31  Probe (Chrono Boost)  
  41  3:34  Pylon  
  42  3:37  Probe (Chrono Boost)  
  43  3:42  Probe (Chrono Boost)  
  43  3:44  Robotics Facility  
  45  3:49  Probe (Chrono Boost)  
  45  3:50  Pylon  
  45  3:53  Probe (Chrono Boost)  
  46  4:00  Probe (Chrono Boost)  
  47  4:03  Phoenix, Probe (Chrono Boost)  
  48  4:10  Gateway  
  48  4:11  Probe (Chrono Boost)  
  48  4:12  Gateway  
  48  4:16  Gateway  
  49  4:19  Probe (Chrono Boost)  
  49  4:20  Probe (Chrono Boost), Gateway  
  52  4:24  Probe (Chrono Boost)  
  52  4:26  Assimilator  
  52  4:30  Assimilator  
  53  4:31  Warp Prism  
  53  4:33  Sentry  
  53  4:36  Probe (Chrono Boost)  
  53  4:38  Probe (Chrono Boost)  
  58  4:39  Probe (Chrono Boost)  
  59  4:47  Pylon  
  59  4:48  Probe x2 (Chrono Boost)  
  59  4:50  Probe (Chrono Boost)  
  62  4:59  Probe (Chrono Boost), Pylon  
  64  5:00  Probe (Chrono Boost)  
  64  5:02  Probe (Chrono Boost)  
  64  5:05  Adept  
  64  5:06  Pylon  
  67  5:09  Probe (Chrono Boost)  
  67  5:11  Observer  
  67  5:12  Probe x2 (Chrono Boost)  
  71  5:15  Pylon  
  71  5:18  Zealot x2  
  71  5:20  Zealot  
  77  5:21  Zealot  
  77  5:25  Probe x3 (Chrono Boost)  
  82  5:30  Zealot  
  86  5:37  Probe (Chrono Boost)  
  86  5:39  Twilight Council  
  86  5:41  Zealot x3  
  91  5:44  Zealot  
  91  5:46  Probe (Chrono Boost)  
  91  5:47  Probe (Chrono Boost)  
  95  5:52  Immortal  
  95  5:54  Forge  
  100  5:59  Stalker  
  100  6:01  Stalker  
  100  6:02  Stalker  
  105  6:14  Protoss Ground Weapons Level 1, Charge  
  105  6:15  Probe (Chrono Boost)  
  106  6:18  Zealot  
  106  6:19  Zealot  
  106  6:23  Zealot, Pylon  
  113  6:25  Probe (Chrono Boost)  
  113  6:31  Photon Cannon  
  111  6:38  Sentry  
  111  6:39  Sentry  
  109  6:44  Sentry  
  109  6:45  Sentry  
  111  6:48  Sentry  
  112  6:55  Probe x2 (Chrono Boost)  
  112  6:56  Probe (Chrono Boost)  
  96  7:01  Immortal  
  96  7:07  Probe (Chrono Boost)  
  98  7:09  Gateway  
  98  7:12  Gateway x2  
  98  7:14  Assimilator x2  
  97  7:18  Dark Shrine  
  97  7:23  Photon Cannon  
  97  7:31  Pylon  
  97  7:33  Pylon  
  97  7:38  Photon Cannon  
  97  7:40  Nexus  
  97  7:42  Pylon  
  97  7:44  Pylon x2  
  97  7:47  Gateway x2, Pylon  
  97  7:48  Pylon  
  97  7:49  Zealot, Pylon  
  97  7:50  Zealot x4  
  97  7:51  Immortal  
  111  8:12  Zealot x3  
  115  8:13  Zealot x4, Photon Cannon  
  115  8:16  Protoss Ground Weapons Level 2  
  115  8:18  Probe (Chrono Boost)  
  115  8:19  Probe (Chrono Boost)  
  120  8:22  Probe (Chrono Boost)  
  120  8:24  Photon Cannon  
  121  8:32  Probe (Chrono Boost)  
  122  8:37  Immortal  
  126  8:49  Templar Archives  
  126  8:50  Dark Templar  
  126  8:51  Dark Templar x3  
  126  8:55  Archon x2  
  134  8:58  Probe x2 (Chrono Boost)  
  134  8:59  Probe (Chrono Boost)  
  134  9:01  Photon Cannon  
  135  9:09  Probe x2 (Chrono Boost)  
  137  9:11  Dark Templar x2  
  137  9:12  Probe (Chrono Boost)  
  141  9:19  Dark Templar x2  
  141  9:22  Immortal  
  145  9:25  Archon  
  145  9:26  Archon  
  149  9:31  Robotics Facility  
  149  9:32  Assimilator  
  149  9:33  Assimilator  
  149  9:45  Dark Templar x2  
  149  9:46  Dark Templar x2  
  149  9:49  Photon Cannon  
  149  9:52  Archon, Pylon  
  157  9:53  Archon  
  157  9:58  Immortal, Probe (Chrono Boost)  
  162  10:11  Photon Cannon  
  162  10:12  Photon Cannon, Pylon  
  154  10:15  Dark Templar x3  
  154  10:16  Dark Templar  
  154  10:17  Probe x2 (Chrono Boost)  
  154  10:18  Probe (Chrono Boost)  
  154  10:21  Immortal  
  169  10:23  Photon Cannon  
  169  10:26  Pylon  
  169  10:27  Pylon  
  169  10:31  Blink  
  169  10:32  Archon x2  
  169  10:37  Protoss Ground Weapons Level 3  
  169  10:39  Probe (Chrono Boost)  
  170  10:43  Immortal  
  174  11:00  Dark Templar x2  
  174  11:01  Dark Templar x2  
  182  11:05  Archon x2  
  182  11:08  Immortal  
  186  11:23  Immortal  
  190  11:30  Probe (Chrono Boost)  
  190  11:31  Probe (Chrono Boost)  
  179  11:35  Probe (Chrono Boost)  
  179  11:36  Probe (Chrono Boost)  
  180  11:41  Probe (Chrono Boost)  
  180  11:45  Zealot x3  
  180  11:46  Zealot x5  
  197  11:53  Nexus  
  181  11:55  Pylon  
  181  11:58  Immortal, Pylon  
  181  11:59  Psionic Storm  
  185  12:04  Observer  
  182  12:17  Dark Templar x2  
  182  12:18  Dark Templar x2  
  190  12:26  Archon x2  
  190  12:28  Photon Cannon  
  190  12:29  Probe (Chrono Boost)  
  192  12:30  Probe (Chrono Boost)  
  192  12:31  Photon Cannon  
  192  12:34  Photon Cannon  
  192  12:38  Photon Cannon, Dark Templar x2  
  192  12:40  Warp Prism, Dark Templar x2  
  192  12:41  Observer  
  192  12:42  Photon Cannon  
  197  12:44  Archon x2  
  197  12:46  Photon Cannon  
  197  12:48  Photon Cannon  
  198  12:51  Assimilator  
  198  12:52  Probe x2 (Chrono Boost)  
  198  12:53  Probe (Chrono Boost)  
  198  12:54  Assimilator  
  200  13:06  Stargate  
  200  13:08  Stargate  
  198  13:37  Dark Templar  
  188  13:50  Stalker  
  188  13:51  Stalker x4  
  188  13:52  Stalker x4  
Show
View Real Time Build Order
Export as new Build Order

NEET Zerg 

Build Orders: Hatch First 

Get SALT Encoding   

  12  0:01  Drone  
  13  0:13  Overlord  
  13  0:17  Drone  
  14  0:32  Drone x2  
  16  0:36  Drone  
  17  0:48  Drone  
  18  0:55  Hatchery  
  17  0:58  Drone  
  17  1:02  Extractor  
  17  1:13  Spawning Pool  
  17  1:16  Drone  
  17  1:19  Drone  
  18  1:29  Drone  
  19  1:39  Drone  
  20  1:59  Queen  
  22  2:05  Overlord  
  22  2:07  Queen  
  24  2:09  Drone  
  24  2:10  Zergling x2  
  24  2:12  Metabolic Boost  
  24  2:13  Drone  
  27  2:20  Drone  
  28  2:24  Drone  
  28  2:29  Drone  
  30  2:39  Hatchery  
  29  2:46  Pneumatized Carapace  
  29  3:04  Zergling x4  
  31  3:06  Drone x4  
  31  3:11  Zergling x2  
  36  3:23  Drone  
  35  3:34  Overlord  
  35  3:44  Overlord  
  35  3:50  Queen  
  35  3:55  Drone x12  
  49  4:02  Queen  
  51  4:04  Evolution Chamber  
  50  4:11  Baneling Nest  
  50  4:13  Drone  
  50  4:14  Drone x4  
  54  4:24  Extractor  
  54  4:25  Overlord  
  54  4:26  Overlord  
  54  4:28  Zergling x6  
  56  4:39  Lair  
  56  4:41  Zerg Melee Weapons Level 1  
  56  4:44  Drone  
  56  4:45  Extractor  
  56  4:46  Drone  
  56  4:47  Roach Warren  
  56  4:48  Drone x3  
  56  4:49  Drone x3  
  62  4:53  Drone  
  63  5:02  Extractor  
  62  5:07  Drone x4  
  62  5:08  Drone x2  
  62  5:13  Drone x3  
  71  5:16  Baneling x4  
  71  5:21  Zergling x2  
  71  5:22  Zergling x4  
  74  5:36  Overlord x2  
  74  5:37  Evolution Chamber  
  74  5:40  Overlord  
  74  5:41  Baneling x3  
  74  5:42  Baneling x2  
  72  5:43  Baneling x2  
  72  5:50  Zergling x2  
  72  5:51  Overlord  
  72  5:52  Overlord x3  
  72  5:57  Zergling x14  
  74  6:00  Centrifical Hooks, Infestation Pit  
  74  6:02  Zergling x2  
  74  6:03  Zergling x2  
  81  6:09  Hatchery  
  80  6:11  Zergling x2  
  80  6:12  Zergling x8  
  80  6:14  Baneling x2  
  80  6:15  Zergling x2  
  84  6:19  Baneling  
  84  6:20  Baneling x3  
  84  6:22  Zergling x2  
  84  6:23  Zergling x2  
  84  6:25  Roach x3  
  90  6:35  Zergling x2  
  90  6:36  Zergling x8  
  90  6:42  Baneling x4  
  90  6:47  Zergling x2  
  90  6:48  Zergling x4  
  84  7:03  Drone x7  
  84  7:08  Hive, Drone  
  88  7:10  Zerg Ground Armor Level 1, Zerg Melee Weapons Level 2  
  88  7:15  Baneling x4  
  88  7:18  Overlord x2  
  88  7:24  Queen  
  90  7:33  Overlord x2  
  90  7:34  Overlord  
  90  7:36  Hatchery  
  89  7:38  Roach x2  
  89  7:39  Overseer  
  89  7:41  Ravager x2  
  89  7:43  Overlord  
  95  7:46  Extractor  
  95  7:47  Extractor, Drone  
  95  7:48  Drone  
  95  7:51  Queen  
  95  7:54  Overlord  
  95  7:56  Ravager  
  98  8:02  Zergling x2  
  98  8:03  Zergling x26  
  112  8:09  Ravager x2  
  112  8:21  Overseer  
  112  8:23  Drone x3  
  112  8:24  Drone x2  
  112  8:25  Drone  
  118  8:28  Spore Crawler  
  117  8:38  Ultralisk Cavern  
  115  8:44  Drone x3  
  115  8:45  Drone x3  
  121  8:49  Overlord  
  121  8:51  Zergling x6  
  121  8:52  Zergling x14  
  121  8:53  Adrenal Glands  
  131  9:06  Zergling x12  
  136  9:15  Zergling x22  
  141  9:24  Zergling x2  
  141  9:25  Zergling x16  
  149  9:32  Chitinous Plating  
  149  9:36  Ultralisk x3  
  167  9:45  Ultralisk  
  157  10:04  Ultralisk  
  154  10:13  Zergling x8  
  154  10:14  Zergling x24  
  159  10:18  Ultralisk  
  165  10:27  Spine Crawler  
  164  10:28  Overseer  
  164  10:30  Spine Crawler, Drone x2  
  164  10:32  Extractor  
  164  10:34  Extractor  
  163  10:41  Drone x3  
  166  10:43  Overlord x2  
  166  10:46  Baneling  
  166  10:47  Baneling x7  
  166  10:53  Hatchery  
  163  10:58  Baneling x3  
  163  11:00  Baneling  
  163  11:04  Baneling x4  
  163  11:13  Viper x2  
  166  11:39  Drone x3  
  167  11:40  Drone x3  
  167  11:46  Viper x2  
  176  11:48  Spore Crawler  
  176  11:51  Pathogen Glands, Spire  
  168  12:40  Ultralisk x4  
  192  12:50  Drone x3  
  195  12:51  Overlord x2  
  195  13:07  Overseer x2  
  195  13:10  Zergling x10  
  200  13:13  Spine Crawler x2  
  200  13:15  Spore Crawler  
  200  13:16  Spine Crawler  
  200  13:19  Zergling x2  
  191  13:20  Zergling x12  
Tags
 
Add a new tag
Caveats
  • Supply blocks, unpowered buildings, or Contaminate may cause inaccurate times.
  • Supply counts are checked every 10 seconds.